 Dungeon Crawl Stone Soup version 0.22-a0-240-g539252a (webtiles) character file.

131215 mhoghedin the Fighter (level 16, -1/146 HPs)
             Began as a Purple Draconian Skald on Feb 21, 2018.
             Was the Champion of Cheibriados.
             Killed from afar by Nikola (20 damage)
             ... with a chain lightning
             ... on level 2 of the Swamp.
             The game lasted 01:25:13 (30704 turns).

mhoghedin the Fighter (Purple Draconian Skald)     Turns: 30704, Time: 01:25:13

Health: -1/146     AC: 18    Str: 32    XL:     16   Next: 54%
Magic:  24/24      EV: 27    Int: 31    God:    Cheibriados [******]
Gold:   244        SH:  3    Dex: 29    Spells: 7/25 levels left

rFire    . . .     SeeInvis .   J - +8 frozen axe "Frostbite" {freezing cloud, *Noise +Fly rC+}
rCold    + . .     Gourm    .   (shield currently unavailable)
rNeg     . . .     Faith    .   (armour unavailable)
rPois    .         Spirit   .   (helmet restricted)
rElec    .         Reflect  +   q - +0 cloak
rCorr    .         Harm     .   n - +2 pair of gloves
MR       +++..     Clarity  +   r - +0 pair of boots
Stlth    +++.......             V - +3 amulet of reflection
HPRegen  0.34/turn              H - +4 ring of protection
MPRegen  0.19/turn              W - ring of protection from magic {MR+, !d}

@: studying Slings, very slow
A: breathe power, unfitting armour, horns 1, clarity, strong 1, cold-blooded, AC
+9
a: Breathe Dispelling Energy, Bend Time, Temporal Distortion, Slouch, Step From
Time, Renounce Religion, Evoke Flight


You were on level 2 of the Swamp.
You worshipped Cheibriados.
Cheibriados was exalted by your worship.
You were not hungry.

You visited 5 branches of the dungeon, and saw 26 of its levels.
You also visited: Sewer.

You collected 2052 gold pieces.
You spent 1808 gold pieces at shops.

Inventory:

Hand Weapons
 a - a +3 hunting sling of freezing
   (You found it on level 5 of the Dungeon)
 b - a +2 scimitar of flaming
   (You took it off Erica on level 11 of the Dungeon)
 E - the +6 long sword "Amum" {slice, Str+4 SInv}
   (You bought it in a shop on level 2 of the Orcish Mines)

   It inflicts extra damage upon your enemies.
   It affects your strength (+4).
   It lets you see invisible.
 J - the +8 frozen axe "Frostbite" (weapon) {freezing cloud, *Noise +Fly rC+}
   (You found it on level 2 of the Swamp)

   It has been specially enchanted to freeze those struck by it, causing extra
   injury to most foes and up to half again as much damage against particularly
   susceptible opponents.
   It can also slow down cold-blooded creatures.
   It protects you from cold.
   It lets you fly.
   It may make noises in combat.
Missiles
 w - 594 stones (quivered)
 X - a throwing net {=f, !d}
Armour
 n - a +2 pair of gloves (worn)
   (You found it on level 2 of the Dungeon)
 p - a +5 shield of fire resistance
   (You took it off a tengu warrior on level 14 of the Dungeon)
 q - a +0 cloak (worn)
   (You took it off Maurice on level 8 of the Dungeon)
 r - a +0 pair of boots (worn)
   (You found it on level 4 of the Dungeon)
Jewellery
 d - an uncursed ring of flight {+Fly, !d}
   (You took it off Sigmund on level 3 of the Dungeon)
 e - an uncursed ring of protection from magic {MR+, !d}
   (You found it on level 2 of the Orcish Mines)
 m - a +3 ring of evasion
   (You found it on level 12 of the Dungeon)
 t - an uncursed ring of positive energy {rN+}
   (You found it on level 4 of the Dungeon)
 u - an uncursed ring of magical power {MP+9}
   (You found it on level 4 of the Dungeon)
 F - an uncursed ring of protection from cold {rC+, !d}
   (You found it on level 13 of the Dungeon)
 H - a +4 ring of protection (left hand)
   (You found it on level 7 of the Dungeon)
 V - a +3 amulet of reflection (around neck)
   (You found it on level 5 of the Lair of Beasts)
 W - a ring of protection from magic (right hand) {MR+, !d}
   (You found it on level 5 of the Lair of Beasts)
Wands
 f - a wand of disintegration (29)
   (You found it on level 4 of the Lair of Beasts)
 o - a wand of digging (27)
   (You took it off Ijyb on level 3 of the Dungeon)
 y - a wand of flame (126)
   (You found it on level 6 of the Dungeon)
 L - a wand of iceblast (19)
   (You took it off Psyche on level 8 of the Dungeon)
 M - a wand of enslavement (49)
   (You found it on level 8 of the Dungeon)
 N - a wand of polymorph (25)
   (You found it on level 8 of the Dungeon)
 U - a wand of paralysis (65)
   (You found it on level 3 of the Lair of Beasts)
Scrolls
 c - 6 scrolls of immolation {!r}
 g - 3 scrolls of fog
 j - 3 scrolls of torment {!r}
 v - 9 scrolls of remove curse
 x - 3 scrolls of blinking {!r}
 z - 7 scrolls of magic mapping {!r}
 B - 2 scrolls of fear
 D - 2 scrolls of teleportation
 G - 8 scrolls of amnesia
 K - a scroll of identify
Potions
 h - a potion of heal wounds
 k - 3 potions of mutation {!q}
 l - 5 potions of curing
 A - 3 potions of magic
 C - 6 potions of flight
 I - 5 potions of lignification {!q}
 P - a potion of berserk rage {unknown}
 Q - 4 potions of agility
 R - 2 potions of ambrosia
 S - a potion of cancellation
 Y - 4 potions of brilliance
Books
 Z - a manual of Slings {!d}
   (You found it on level 9 of the Dungeon)
Miscellaneous
 i - a phial of floods (inert)
   (You found it on level 15 of the Dungeon)
Comestibles
 s - 48 rations


   Skills:
 - Level 14.0 Fighting
   Level 5.0(9.4) Short Blades
 - Level 12.1(12.5) Long Blades
 + Level 0.3(2.5) Axes
   Level 4.1(4.2) Polearms
 - Level 12.1(12.2) Slings
 - Level 2.5(8.3) Throwing
 - Level 13.0 Dodging
 - Level 3.0 Stealth
 + Level 6.8 Shields
 - Level 5.3 Spellcasting
 - Level 1.9 Hexes
 - Level 4.9 Charms
 - Level 7.3 Translocations
 - Level 8.6 Invocations
 - Level 4.4 Evocations


You had 7 spell levels left.
You knew the following spells:

 Your Spells              Type           Power        Failure   Level  Hunger
a - Portal Projectile     Hex/Tloc       #####.       2%          3    None
b - Blink                 Tloc           N/A          1%          2    None
r - Regeneration          Chrm/Necr      ###.......   5%          3    None
s - Shroud of Golubria    Chrm/Tloc      #####.....   1%          2    None
z - Spectral Weapon       Hex/Chrm       ####....     3%          3    None
A - Ozocubu's Armour      Chrm/Ice       ###.....     5%          3    None
S - Song of Slaying       Chrm           #####...     1%          2    None


Dungeon Overview and Level Annotations

Branches:
Dungeon (15/15)            Temple (0/1) D:6            Lair (6/6) D:8
  Swamp (2/4) Lair:2        Snake (0/4) Lair:3        Slime (0/5) Lair:6
    Orc (2/2) D:9             Elf (1/3) Orc:2        Vaults (0/5) D:13
 Depths (0/5) D:15

Altars:
Ashenzari
Cheibriados
Elyvilon
Kikubaaqudgha
Makhleb
Okawaru
Qazlal
Trog
Vehumet
Wu Jian
Beogh

Shops:
D:6 [   D:8 *   Orc:2 %(:!

Annotations:
Lair:1 exclusion: hydra
Swamp:2 Nikola


Innate Abilities, Weirdness & Mutations

You can breathe bolts of dispelling energy.
Your rich purple scales are hard. (AC +9)
You cannot fit into any form of body armour.
You are cold-blooded and may be slowed by cold attacks.
You have a pair of small horns on your head.
You possess an exceptional clarity of mind.
Your muscles are strong. (Str +2)


Message History

The vampire mosquito closely misses you.
You take 8 damage, and have 95/146 hp.
You barely miss the vampire mosquito. You headbutt the vampire mosquito.
The vampire mosquito completely misses you. x2
The vampire mosquito misses you.
The vampire mosquito completely misses you.
The vampire mosquito buzzes angrily.
You hit the vampire mosquito. You freeze the vampire mosquito.
Your tail-slap misses the vampire mosquito.
The vampire mosquito misses you.
You slash the vampire mosquito! You freeze the vampire mosquito.
You destroy the vampire mosquito!
Cheibriados thoroughly appreciates the change of pace.
You completely miss the vampire mosquito.
The vampire mosquito completely misses you. x3
The vampire mosquito misses you. x3
You miss the vampire mosquito.
Your headbutt misses the vampire mosquito.
You slash the vampire mosquito! You freeze the vampire mosquito.
The vampire mosquito misses you.
The vampire mosquito closely misses you. x2
The vampire mosquito misses you.
The vampire mosquito completely misses you.
The vampire mosquito closely misses you.
The vampire mosquito completely misses you.
The vampire mosquito barely misses you.
You slash the vampire mosquito! You freeze the vampire mosquito.
You destroy the vampire mosquito!
Cheibriados thoroughly appreciates the change of pace.
You hit the vampire mosquito. You freeze the vampire mosquito.
The vampire mosquito completely misses you.
You block the vampire mosquito's attack.
The vampire mosquito misses you.
You closely miss the vampire mosquito.
Your tail-slap misses the vampire mosquito.
The vampire mosquito completely misses you. x2
The vampire mosquito barely misses you. x2
You cut the vampire mosquito into ribbons!!!
You freeze the vampire mosquito.
You destroy the vampire mosquito!
Cheibriados thoroughly appreciates the change of pace.
No target in view!
You start resting.
You enter the shallow water.
Moving in this stuff is going to be slow.
You see here a vampire mosquito corpse.
You enter the shallow water.
Moving in this stuff is going to be slow.
w - 573 stones (gained 1)
w - 594 stones (gained 21)
You now have 225 gold pieces (gained 14).
You now have 244 gold pieces (gained 19).
Health restored: 146 Nikola is nearby!
You enter the shallow water.
Moving in this stuff is going to be slow.
Nikola shouts!
Nikola casts a spell.
You hear a mighty clap of thunder!
The lightning arc hits you!
The lightning arc hits Nikola.
The lightning arc hits you!
The lightning arc grounds out.
You take 47 damage, and have 99/146 hp.
MASSIVE DAMAGE!!
Aim the phial where?
Aim: Nikola, wielding a rapier of electrocution, wearing a glowing cloak and wearing a pair of gloves (lightly wounded)
The torrent of water hits Nikola.
Nikola is knocked back by the torrent of water.
The wave splashes down.
The water rises up and takes form.
Nikola mumbles some strange words.
You hear a mighty clap of thunder!
The lightning arc hits your water elemental.
Your water elemental resists.
The lightning arc hits your water elemental.
Your water elemental resists.
The lightning arc hits Nikola.
The lightning arc hits your water elemental.
Your water elemental resists.
The lightning arc hits Nikola.
The lightning arc hits your water elemental.
Your water elemental resists.
Your water elemental hits Nikola!
Nikola mumbles some strange words.
You hear a mighty clap of thunder!
The lightning arc hits your water elemental.
Your water elemental resists.
The lightning arc hits you!
The lightning arc hits your water elemental.
Your water elemental resists.
Your water elemental is destroyed!
The lightning arc hits you!
* * * LOW HITPOINT WARNING * * *
The lightning arc hits Nikola.
The lightning arc hits you!
* * * LOW HITPOINT WARNING * * *
You take 80 damage, and have 19/146 hp.
MASSIVE DAMAGE!!
It was a potion of cancellation.
You feel magically purged.
Nikola gestures wildly while chanting.
You hear a mighty clap of thunder!
The lightning arc hits you!
You die...

.....≈≈.♣..♣♣♣≈≈≈.....≈.♣♣
..♣♣≈..♣♣..♣≈♣♣.≈≈≈....♣≈≈♣
...♣♣≈.≈♣.≈≈§♣.≈≈≈≈.....≈♣
≈≈≈♣♣..♣♣≈≈≈.♣≈≈≈≈..≈..♣♣♣
≈≈≈.♣♣♣♣♣.≈≈.♣.≈≈≈..♣♣♣♣
≈≈≈.♣ ♣♣≈.≈≈.♣≈....≈≈♣
≈≈≈.♣♣♣≈≈≈≈≈.......♣♣♣
≈.≈♣♣♣≈≈≈≈≈...≈≈≈♣♣♣ ..♣♣
♣........≈≈@♣ ..≈♣
♣♣♣♣♣♣♣♣≈.≈.♣ ..♣♣
♣.≈.≈♣≈..≈ ♣♣♣ ..!≈≈...≈≈≈≈
.≈.≈.([..[≈≈≈
♣≈≈≈...≈♣♣.≈@≈≈ ..≈≈..♣♣♣
≈≈≈≈≈≈ ....$≈ ≈......
♣♣.≈.. ...≈


You could see Nikola.

Vanquished Creatures
  2 thorn hunters
  Donald (Swamp:1)
  An orc warlord (Orc:2)
  A very ugly thing (Swamp:1)
  A dire elephant (D:15)
  The ghost of varam the Grappler, a journeyman TrAK of Lugonu (D:12)
  Josephine (D:11)
  Fannar (Lair:3)
  A great orb of eyes (D:15)
  17 hydras
  A catoblepas (Lair:6)
  6 two-headed ogres
  The ghost of Galewind the Unseen, a journeyman SpEn of Dithmenos (Lair:4)
  Erica (D:11)
  5 centaur warriors
  A dancing weapon (Elf:1)
  4 alligators (Swamp:2)
  2 tengu warriors (D:14)
  4 orc high priests (Orc:2)
  3 death yaks (Lair:6)
  4 spriggans (Swamp:2)
  A deep elf knight (Elf:1)
  A lindwurm (Lair:6)
  A shadow wraith (D:13)
  5 skeletal warriors (D:11)
  4 unseen horrors
  2 deep elf archers (Elf:1)
  2 shambling mangroves (Swamp:2)
  4 swamp dragons
  4 orc sorcerers (Orc:2)
  13 deep elf magi
  An oklob plant (Lair:5)
  A wolf spider (D:15)
  4 orc knights (Orc:2)
  9 ugly things
  4 manticores
  9 cyclopes
  4 elephants
  Maurice (D:8)
  4 centaur zombies
  Psyche (D:8)
  5 black mambas
  An eye of devastation (Lair:6)
  13 spiny frogs
  3 gargoyles
  A kobold demonologist (D:14)
  8 komodo dragons
  A yaktaur (shapeshifter) (D:13)
  A freezing wraith (D:15)
  A komodo dragon (shapeshifter) (D:13)
  A troll (shapeshifter) (D:13)
  8 trolls
  A tyrant leech (Swamp:2)
  A polar bear (Lair:6)
  11 hornets
  8 slime creatures
  3 bog bodies
  10 hippogriffs
  16 blink frogs
  A harpy skeleton (D:15)
  Sigmund (D:3)
  2 vampires
  6 wraiths
  A shadow (Swamp:2)
  4 wyverns
  4 hogs (Swamp:1)
  54 yaks
  4 basilisks
  A hungry ghost (D:7)
  A steam dragon (D:11)
  3 wargs (Orc:2)
  7 vampire mosquitoes
  12 insubstantial wisps (Swamp:2)
  3 soldier ants
  Edmund (D:5)
  6 swamp worms
  15 water moccasins
  10 porcupines
  37 orc warriors
  4 black bears
  A swamp drake (Swamp:1)
  3 ice beasts
  2 sky beasts
  2 eyes of draining
  5 necrophages
  2 phantoms
  18 ogres
  22 centaurs
  29 wolves
  8 crocodiles
  2 big kobolds (Sewer)
  15 bullfrogs
  A water moccasin skeleton (D:5)
  5 scorpions
  9 killer bees (D:11)
  2 electric eels
  2 howler monkeys (D:9)
  A vampire bat (D:13)
  2 bullfrog zombies
  A hound (D:7)
  3 jellies
  3 bullfrog skeletons
  6 crimson imps
  28 orc priests
  5 centaur skeletons
  5 iguanas
  Ijyb (D:3)
  Natasha (twice) (D:2)
  29 orc wizards
  13 worker ants
  A killer bee zombie (D:8)
  4 hound skeletons
  3 worker ant zombies
  7 gnolls
  27 adders
  2 river rats (D:6)
  5 shadow imps
  3 oozes
  An adder zombie (D:6)
  3 adder skeletons
  6 worms
  3 dart slugs
  5 leopard geckos
  123 orcs
  3 giant cockroaches (D:6)
  9 hobgoblins
  13 jackals
  4 quokkas
  2 ball pythons
  11 bats
  5 frilled lizards
  13 goblins
  A jackal skeleton (D:6)
  9 kobolds
  A leopard gecko skeleton (D:4)
  8 rats
903 creatures vanquished.

Vanquished Creatures (collateral kills)
  A dancing weapon (Elf:1)
  The ghost of asdu the Cleaver, a journeyman TeWn of Ru (D:10)
2 creatures vanquished.

Vanquished Creatures (others)
  Kirke (Swamp:1)
  A deep troll shaman (Lair:6)
  A swamp dragon (Swamp:2)
  2 deep elf archers (Elf:1)
  2 deep elf magi (Elf:1)
  A wizard (D:6)
  A manticore (D:15)
  A naga mage (D:15)
  An air elemental (Elf:1)
  A human (Swamp:2)
  A vampire mosquito (Swamp:2)
  A wolf (Lair:3)
  2 centaurs (D:14)
  An orc (Orc:1)
  5 fungi
  2 plants
  4 spectral weapons
28 creatures vanquished.

Grand Total: 933 creatures vanquished

Notes
Turn   | Place    | Note
-------+----------+-------------------------------------------
     0 | D:1      | mhoghedin the Draconian Skald began the quest for the Orb.
     0 | D:1      | Reached XP level 1. HP: 17/17 MP: 3/3
   386 | D:1      | Reached XP level 2. HP: 25/25 MP: 5/5
   952 | D:2      | Learned a level 2 spell: Song of Slaying
   955 | D:2      | Learned a level 2 spell: Shroud of Golubria
   989 | D:2      | Reached XP level 3. HP: 23/30 MP: 1/6
  1225 | D:2      | Reached skill level 3 in Fighting
  1582 | D:2      | Found a snail-covered altar of Cheibriados.
  1588 | D:2      | Reached XP level 4. HP: 30/38 MP: 7/7
  1591 | D:2      | Became a worshipper of Cheibriados the Contemplative
  1668 | D:2      | Noticed Natasha
  1680 | D:2      | Killed Natasha
  1680 | D:2      | Reached skill level 3 in Polearms
  1680 | D:2      | Reached skill level 3 in Dodging
  1969 | D:2      | Noticed Natasha
  1982 | D:2      | Killed Natasha
  2261 | D:3      | HP: 5/38 [orc priest/short sword (9)]
  2267 | D:3      | Reached XP level 5. HP: 7/45 MP: 8/8
  2270 | D:3      | Reached skill level 1 in Throwing
  2541 | D:3      | Learned a level 3 spell: Regeneration
  2572 | D:3      | Noticed Ijyb
  2580 | D:3      | Killed Ijyb
  2580 | D:3      | Reached skill level 4 in Polearms
  2591 | D:3      | Noticed Sigmund
  2668 | D:3      | Reached * piety under Cheibriados
  2691 | D:3      | Reached skill level 1 in Short Blades
  2703 | D:3      | Reached skill level 2 in Short Blades
  2813 | D:3      | Reached XP level 6. HP: 49/51 MP: 9/9
  3325 | D:3      | Killed Sigmund
  3325 | D:3      | Reached skill level 3 in Spellcasting
  3325 | D:3      | Reached skill level 3 in Charms
  3343 | D:3      | Learned a level 3 spell: Spectral Weapon
  3906 | D:4      | Your scales start taking on a rich purple colour.
  3906 | D:4      | Reached skill level 4 in Charms
  3906 | D:4      | Reached XP level 7. HP: 48/57 MP: 8/12
  4025 | D:4      | Reached ** piety under Cheibriados
  4025 | D:4      | Reached skill level 4 in Spellcasting
  4186 | D:4      | Reached skill level 1 in Hexes
  4333 | D:5      | Entered Level 5 of the Dungeon
  4646 | D:5      | Reached skill level 2 in Invocations
  4808 | D:5      | Reached skill level 2 in Throwing
  4808 | D:5      | Reached skill level 3 in Invocations
  5026 | D:5      | Found a stormy altar of Qazlal.
  5109 | D:5      | Reached XP level 8. HP: 63/63 MP: 14/14
  5185 | D:5      | Reached *** piety under Cheibriados
  5200 | D:5      | Noticed Edmund
  5214 | D:5      | Killed Edmund
  5214 | D:5      | Reached skill level 4 in Dodging
  6217 | D:5      | Found a burning altar of Makhleb.
  6218 | D:5      | Found an iron altar of Okawaru.
  6453 | D:6      | Found Ycvepsoonk's Armour Emporium.
  6466 | D:6      | Reached skill level 1 in Slings
  6469 | D:6      | Reached skill level 4 in Fighting
  6563 | D:6      | Found a staircase to the Ecumenical Temple.
  6595 | D:6      | Found a glowing drain.
  6640 | Sewer    | Entered a sewer
  6709 | Sewer    | Reached **** piety under Cheibriados
  6709 | Sewer    | Reached skill level 2 in Slings
  6830 | Sewer    | Reached skill level 5 in Dodging
  7105 | D:6      | Found a white marble altar of Elyvilon.
  7170 | D:6      | Found a bloodstained altar of Trog.
  7171 | D:6      | Noticed a wizard
  7175 | D:6      | Killed a wizard
  7478 | D:7      | Reached skill level 5 in Fighting
  7604 | D:7      | Reached skill level 3 in Slings
  7676 | D:7      | Found a shattered altar of Ashenzari.
  7677 | D:7      | Found an ancient bone altar of Kikubaaqudgha.
  7677 | D:7      | Found an ornate altar of the Wu Jian Council.
  7696 | D:7      | Reached XP level 9. HP: 74/74 MP: 15/15
  8104 | D:7      | Found a radiant altar of Vehumet.
  8360 | D:8      | Reached skill level 6 in Fighting
  8376 | D:8      | Found Keukkupt's Assorted Antiques.
  8382 | D:8      | Bought a steaming long sword for 195 gold pieces
  8382 | D:8      | Identified the +3 long sword "Beastbane" {pain, rF+ rC- Str+4 SInv} (You bought it in a shop on level 8 of the Dungeon)
  8415 | D:8      | Noticed Psyche
  8425 | D:8      | Killed Psyche
  8425 | D:8      | Reached skill level 4 in Slings
  8425 | D:8      | Reached skill level 6 in Dodging
  8425 | D:8      | Reached skill level 4 in Invocations
  8477 | D:8      | Reached ***** piety under Cheibriados
  8575 | D:8      | Noticed an elephant
  8576 | D:8      | Found a staircase to the Lair.
  8580 | D:8      | Reached skill level 5 in Invocations
  8595 | D:8      | Killed an elephant
  8595 | D:8      | Reached skill level 7 in Fighting
  8595 | D:8      | Reached skill level 5 in Slings
  8609 | D:8      | Reached XP level 10. HP: 86/86 MP: 9/16
  8784 | D:8      | Noticed Maurice
  8795 | D:8      | Killed Maurice
  8962 | D:8      | Noticed a two-headed ogre
  8972 | D:8      | HP: 16/86 [two-headed ogre/giant club (13)]
  8978 | D:8      | Killed a two-headed ogre
  8978 | D:8      | Reached skill level 7 in Dodging
  8978 | D:8      | Reached skill level 6 in Invocations
  9103 | Lair:1   | Entered Level 1 of the Lair of Beasts
  9273 | Lair:1   | Noticed an eight-headed hydra
  9342 | Lair:1   | Reached skill level 8 in Fighting
  9362 | Lair:1   | Reached skill level 6 in Slings
  9532 | Lair:1   | Noticed a spiny frog
  9541 | Lair:1   | Killed a spiny frog
  9541 | Lair:1   | Reached skill level 7 in Invocations
  9869 | Lair:2   | Reached skill level 3 in Short Blades
  9869 | Lair:2   | Reached XP level 11. HP: 95/95 MP: 17/17
 10022 | Lair:2   | Reached skill level 7 in Slings
 10025 | Lair:2   | Reached skill level 4 in Short Blades
 10245 | Lair:2   | Reached skill level 5 in Short Blades
 10345 | Lair:2   | Found a staircase to the Swamp.
 10362 | Lair:2   | Reached skill level 8 in Dodging
 10640 | Lair:2   | Reached skill level 1 in Evocations
 10920 | Lair:3   | Reached skill level 9 in Fighting
 10920 | Lair:3   | Reached skill level 1 in Stealth
 10942 | Lair:3   | Reached skill level 2 in Evocations
 10948 | Lair:3   | Reached skill level 2 in Stealth
 10948 | Lair:3   | Reached skill level 8 in Slings
 11287 | Lair:3   | Reached skill level 3 in Evocations
 11432 | Lair:2   | Reached skill level 3 in Stealth
 11822 | Lair:3   | Reached XP level 12. HP: 72/106 MP: 18/18
 12080 | Lair:3   | Noticed Fannar
 12119 | Lair:3   | Killed Fannar
 12327 | Lair:3   | Found a staircase to the Snake Pit.
 12712 | Lair:3   | Learned a level 3 spell: Ozocubu's Armour
 12730 | Lair:4   | Reached skill level 10 in Fighting
 12768 | Lair:4   | Reached skill level 9 in Dodging
 12855 | Lair:4   | Noticed a five-headed hydra
 12866 | Lair:4   | Killed a five-headed hydra
 12866 | Lair:4   | Reached skill level 9 in Slings
 12955 | Lair:4   | Noticed Galewind's ghost (journeyman SpEn)
 12977 | Lair:4   | Killed Galewind's ghost
 13867 | Lair:5   | Reached skill level 11 in Fighting
 14301 | Lair:5   | Reached skill level 10 in Dodging
 14406 | Lair:6   | Entered Level 6 of the Lair of Beasts
 14418 | Lair:6   | Noticed a six-headed hydra
 14440 | Lair:6   | Killed a six-headed hydra
 14493 | Lair:6   | Noticed a six-headed hydra
 14505 | Lair:6   | Killed a six-headed hydra
 14513 | Lair:6   | Reached skill level 10 in Slings
 14805 | Lair:6   | Reached XP level 13. HP: 101/116 MP: 19/19
 15346 | Lair:6   | Found a staircase to the Slime Pits.
 15370 | Lair:6   | Reached skill level 12 in Fighting
 16344 | Lair:6   | Reached skill level 2 in Long Blades
 16537 | Lair:6   | Reached skill level 3 in Long Blades
 16561 | Lair:6   | Reached skill level 4 in Long Blades
 16922 | D:8      | Gained mutation: You have a pair of small horns on your head. [potion of mutation]
 16922 | D:8      | Gained mutation: You possess an exceptional clarity of mind. [potion of mutation]
 16922 | D:8      | Gained mutation: Your muscles are strong. (Str +2) [potion of mutation]
 17043 | D:9      | Found a staircase to the Orcish Mines.
 17739 | D:10     | Entered Level 10 of the Dungeon
 17790 | D:10     | Reached skill level 5 in Long Blades
 17826 | D:10     | Learned a level 2 spell: Blink
 18030 | D:10     | Noticed asdu's ghost (journeyman TeWn)
 18039 | D:10     | Killed asdu's ghost
 18039 | D:10     | Reached skill level 11 in Slings
 18424 | D:11     | Reached skill level 6 in Long Blades
 18549 | D:11     | Reached ****** piety under Cheibriados
 18573 | D:11     | Noticed Erica
 18604 | D:11     | Killed Erica
 18759 | D:11     | Reached skill level 12 in Slings
 19053 | D:11     | Reached skill level 7 in Long Blades
 19053 | D:11     | Reached XP level 14. HP: 50/126 MP: 6/20
 19054 | D:11     | Reached skill level 11 in Dodging
 19497 | D:11     | Noticed Josephine
 19538 | D:11     | Killed Josephine
 19876 | D:12     | Reached skill level 8 in Long Blades
 19973 | D:12     | Noticed varam's ghost (journeyman TrAK)
 19991 | D:12     | Killed varam's ghost
 20927 | D:13     | Reached skill level 9 in Long Blades
 21200 | D:13     | Reached skill level 12 in Dodging
 21496 | D:13     | HP: 30/127 [something (25)]
 21863 | D:13     | Found a gate to the Vaults.
 21922 | D:14     | Reached skill level 13 in Fighting
 22433 | D:14     | Reached skill level 1 in Shields
 22688 | D:14     | Reached skill level 10 in Long Blades
 22905 | D:15     | Entered Level 15 of the Dungeon
 22967 | D:15     | Reached XP level 15. HP: 111/136 MP: 21/21
 23110 | D:15     | Reached skill level 2 in Shields
 23348 | D:15     | Reached skill level 3 in Shields
 23504 | D:15     | Found a stormy altar of Qazlal.
 23551 | D:15     | Identified 2 scrolls of acquirement
 23763 | D:15     | Found a staircase to the Depths.
 23983 | Orc:1    | Entered Level 1 of the Orcish Mines
 24005 | Orc:1    | Reached skill level 8 in Invocations
 24327 | Orc:2    | Entered Level 2 of the Orcish Mines
 24408 | Orc:2    | Reached skill level 4 in Shields
 24745 | Orc:2    | Found Doinegim's Antique Weapon Shoppe.
 24761 | Orc:2    | Bought an ancient long sword for 263 gold pieces
 24761 | Orc:2    | Identified the +6 long sword "Amum" {slice, Str+4 SInv} (You bought it in a shop on level 2 of the Orcish Mines)
 24776 | Orc:2    | Noticed an orc warlord
 24805 | Orc:2    | Killed an orc warlord
 24823 | Orc:2    | Found Pyatwo's Food Boutique.
 25154 | Orc:2    | Found a roughly hewn altar of Beogh.
 25230 | Orc:2    | Reached skill level 4 in Evocations
 25436 | Orc:2    | Found a staircase to the Elven Halls.
 25498 | Orc:2    | Reached skill level 14 in Fighting
 25765 | Orc:2    | Found Jaqur's Distillery.
 25794 | Orc:2    | Found a roughly hewn altar of Beogh.
 25902 | Orc:2    | Found Uvup's Book Shop.
 25918 | Orc:2    | Reached skill level 13 in Dodging
 25929 | Orc:2    | Bought a book of the Warp for 1350 gold pieces
 25933 | Orc:2    | Learned a level 3 spell: Portal Projectile
 26097 | Elf:1    | Entered Level 1 of the Elven Halls
 26113 | Elf:1    | Reached skill level 1 in Translocations
 26120 | Elf:1    | Reached skill level 2 in Translocations
 26163 | Elf:1    | Reached skill level 3 in Translocations
 26405 | Elf:1    | Reached skill level 4 in Translocations
 26409 | Elf:1    | HP: 23/138 [scimitar of protection (27)]
 26413 | Elf:1    | Reached skill level 5 in Spellcasting
 26907 | Swamp:1  | Entered Level 1 of the Swamp
 26907 | Swamp:1  | Noticed Kirke
 26907 | Swamp:1  | Noticed a thorn hunter
 26923 | Lair:2   | HP: 6/138 [thorn hunter/volley of thorns (35)]
 26925 | Lair:2   | Killed a thorn hunter
 27329 | Swamp:1  | Killed Kirke
 27329 | Swamp:1  | Reached skill level 11 in Long Blades
 27329 | Swamp:1  | Reached XP level 16. HP: 122/146 MP: 9/24
 27347 | Lair:2   | HP: 36/146 [poisoned by a swamp dragon (poison gas)]
 27352 | Lair:2   | HP: 29/146 [poisoned by a swamp dragon (poison gas)]
 27357 | Lair:2   | HP: 25/146 [poisoned by a swamp dragon (poison gas)]
 27362 | Lair:2   | HP: 22/146 [poisoned by a swamp dragon (poison gas)]
 27367 | Lair:2   | HP: 20/146 [poisoned by a swamp dragon (poison gas)]
 27372 | Lair:2   | HP: 18/146 [poisoned by a swamp dragon (poison gas)]
 27378 | Lair:2   | HP: 17/146 [poisoned by a swamp dragon (poison gas)]
 27384 | Lair:2   | HP: 17/146 [poisoned by a swamp dragon (poison gas)]
 27391 | Lair:2   | HP: 18/146 [poisoned by a swamp dragon (poison gas)]
 27396 | Lair:2   | HP: 18/146 [poisoned by a swamp dragon (poison gas)]
 27402 | Lair:2   | HP: 19/146 [poisoned by a swamp dragon (poison gas)]
 27408 | Lair:2   | HP: 21/146 [poisoned by a swamp dragon (poison gas)]
 27414 | Lair:2   | HP: 22/146 [poisoned by a swamp dragon (poison gas)]
 27801 | Swamp:1  | Reached skill level 5 in Translocations
 27811 | Swamp:1  | HP: 33/146 [poison (poison gas)]
 27813 | Swamp:1  | Noticed Donald
 27816 | Swamp:1  | HP: 25/146 [swamp dragon] (3)]
 27821 | Swamp:1  | HP: 25/146 [poisoned by a swamp dragon (poison gas)]
 27826 | Swamp:1  | HP: 18/146 [poisoned by a swamp dragon (poison gas)]
 27832 | Swamp:1  | HP: 16/146 [poisoned by a swamp dragon (poison gas)]
 27838 | Swamp:1  | HP: 15/146 [poisoned by a swamp dragon (poison gas)]
 28154 | Swamp:1  | Killed Donald
 28154 | Swamp:1  | Reached skill level 5 in Shields
 28221 | Swamp:1  | Reached skill level 6 in Translocations
 28997 | Swamp:2  | Noticed a thorn hunter
 29016 | Swamp:2  | Killed a thorn hunter
 29016 | Swamp:2  | Reached skill level 6 in Shields
 29482 | Swamp:2  | Reached skill level 12 in Long Blades
 29587 | Swamp:2  | Reached skill level 7 in Translocations
 30277 | Swamp:2  | Found the +8 frozen axe "Frostbite" {freezing cloud, *Noise +Fly rC+}
 30357 | Swamp:2  | Noticed Nikola
 30361 | Swamp:2  | HP: 16/146 [Nikola/chain lightning (25)]
 30703 | Swamp:2  | HP: 19/146 [Nikola/chain lightning (21)]
 30704 | Swamp:2  | Killed from afar by Nikola

Vault maps used:
D:1:      evilmike_arrival_hilbert_curve, st_stairs_1
D:2:      kennysheep_slug_shrine, uniq_natasha
D:3:      serial_co_window_serial, co_window_paths_b, co_window_paths_a,
          co_window_corner_a, co_window_paths_a, co_window_corner_a,
          co_window_cross_2, co_window_broadway_b, co_window_cross_3,
          glass_columns_b, glass_columns_b, glass_columns_a, glass_columns_b,
          minmay_misc_feat_columns, uniq_sigmund, uniq_ijyb
D:4:      first_ration
D:5:      gammafunk_temple_overflow_pools, grunt_qazlal_sundering, uniq_edmund
D:6:      nicolae_overflow_crystal_walls, minmay_temple_entry_enclosed_plants,
          serial_shops, shop, portal_sewer_entry_a, trog_wizard
D:7:      nicolae_overflow_quartered_altars
D:8:      david_lair_generic, serial_shops, nicolae_shop_statue_plus,
          uniq_psyche, uniq_maurice
D:9:      erik_orc_3, grunt_ogre_cave, hangedman_abyss_or_decor_stabs
D:11:     kennysheep_six_static_rooms, uniq_erica, uniq_josephine
D:12:     kennysheep_generic_room_7
D:13:     david_vaults_4, roderic_batcave, kennysheep_decorative_pillar
D:14:     minmay_misc_feat_roman
D:15:     hangedman_depths_entry_try_elsewhere_first, minmay_tree_intersection,
          basic_altar, minmay_misc_feat_nine_boxes
Lair:2:   swamp_mist_pool
Lair:3:   minmay_snake_entry_six_corridors, grunt_forest_large_clearings,
          uniq_fannar
Lair:5:   lab_entry_generic, roderic_carrion_pond
Lair:6:   grunt_lair_end_beastmaster, minmay_slime_entry_eyes,
          grunt_megastairs_4, infiniplex_staircase_pool
Swamp:1:  evilmike_swamp_ruin_house_3, swamp_pool4, nicolae_swamp_baby_hydras,
          uniq_donald, uniq_kirke
Swamp:2:  nicolae_swamp_stair_fork, swamp_pool4, uniq_nikola
Orc:2:    pubby_orc_utopia
Elf:1:    minmay_elf_arrival_summoners, serial_shops, freezing_bzr, shop, shop,
          shop_fountains, nicolae_trove_entry_columns, minivault_28, spider_trap
Sewer:    sewer_co_15_rooms

Skill      XL: |  1  2  3  4  5  6  7  8  9 10 11 12 13 14 15 16 |
---------------+-------------------------------------------------+-----
Fighting       | 3 5 7 8 9 11 12 13 14 | 14.0
Polearms       | 3 4 |  4.1
Dodging        | 3 5 6 7 8 10 12 13 | 13.0
Throwing       | 1 2 |  2.5
Short Blades   | 2 3 5 |  5.0
Spellcasting   | 3 4 5 |  5.3
Charms         | 4 |  4.9
Hexes          | 1 |  1.9
Invocations    | 3 5 7 8 |  8.6
Slings         | 3 5 6 8 10 12 | 12.1
Evocations     | 3 4 |  4.4
Stealth        | 3 |  3.0
Long Blades    | 7 10 11 12 | 12.1
Shields        | 1 4 6 |  6.8
Translocations | 4 7 |  7.3
Axes           | |  0.3

Action                   |  1- 3 |  4- 6 |  7- 9 | 10-12 | 13-15 | 16-18 || total
-------------------------+-------+-------+-------+-------+-------+-------++-------
Melee: Spear             |   139 |   113 |       |       |       |       ||   252
       Tailslap          |     9 |    26 |    37 |    19 |   393 |    37 ||   521
       Dagger            |       |    81 |   171 |    86 |     3 |       ||   341
       Long sword        |       |       |       |     1 |   474 |       ||   475
       Headbutt          |       |       |       |       |   535 |    80 ||   615
       Scimitar          |       |       |       |       |   715 |   127 ||   842
       Unarmed           |       |       |       |       |    11 |       ||    11
       Executioner's axe |       |       |       |       |       |    17 ||    17
 Fire: Hunting sling     |       |       |   218 |   665 |   284 |   185 ||  1352
Throw: Tomahawk          |       |     9 |     6 |     4 |       |       ||    19
       Javelin           |       |     6 |     4 |     2 |       |       ||    12
 Cast: Shroud of Golubri |     1 |     4 |     7 |    15 |    36 |     3 ||    66
       Infusion          |     2 |     1 |     2 |       |       |       ||     5
       Spectral Weapon   |       |     4 |    13 |    13 |     3 |       ||    33
       Song of Slaying   |       |       |     4 |     4 |     2 |       ||    10
       Regeneration      |       |       |     2 |    11 |    24 |     3 ||    40
       Ozocubu's Armour  |       |       |       |     8 |    41 |     5 ||    54
       Blink             |       |       |       |       |       |     1 ||     1
       Portal Projectile |       |       |       |       |       |     1 ||     1
Invok: Bend Time         |       |     1 |     1 |     2 |       |     1 ||     5
       Slouch            |       |       |     2 |     8 |    11 |     2 ||    23
       Temporal Distorti |       |       |       |       |     2 |     1 ||     3
 Abil: Breathe Dispellin |       |       |       |       |     2 |       ||     2
Evoke: Wand              |       |       |       |    10 |     2 |       ||    12
       Sack of spiders   |       |       |       |     4 |       |       ||     4
       Box of beasts     |       |       |       |       |     1 |       ||     1
       Phial of floods   |       |       |       |       |       |     2 ||     2
  Use: Potion            |     1 |     2 |       |     2 |     4 |    10 ||    19
       Scroll            |       |    11 |     4 |    17 |    24 |     2 ||    58
 Stab: Sleeping          |     1 |     1 |     1 |     1 |    22 |       ||    26
       Distracted        |       |       |     2 |     1 |     2 |       ||     5
  Eat: Chunk             |     2 |     4 |     6 |    11 |    10 |     5 ||    38
       Ration            |       |     1 |     3 |       |     5 |       ||     9
Armor: Skin              |    24 |    40 |    54 |    84 |   334 |    48 ||   584
Dodge: Dodged            |    68 |   113 |   177 |   337 |  1161 |   161 ||  2017
Block: Other             |       |       |       |       |   115 |     4 ||   119
       Reflection        |       |       |       |       |    55 |       ||    55
       Shield            |       |       |       |       |   714 |   196 ||   910
       Rpst.: Long sword |       |       |       |     1 |    93 |       ||    94
       Scimitar          |       |       |       |       |   130 |    18 ||   148

Table legend:
 A = Spawn XP
 B = Non-spawn XP
 C = Spawn XP percentage of total XP
 D = Spawn monster count
 E = Non-spawn monster count
 F = Spawn count percentage of total count
 G = Total turns spent on level
                    A         B        C        D         E        F      G
               +---------+---------+-------+---------+---------+-------+---------
         Total |       0 |  187451 |   0.0 |       0 |     914 |   0.0 | 30704
               +---------+---------+-------+---------+---------+-------+---------
           D:1 |       0 |      28 |   0.0 |       0 |      17 |   0.0 |  1044
           D:2 |       0 |     143 |   0.0 |       0 |      21 |   0.0 |  1320
           D:3 |       0 |     521 |   0.0 |       0 |      36 |   0.0 |  1857
           D:4 |       0 |     174 |   0.0 |       0 |      16 |   0.0 |   654
           D:5 |       0 |     768 |   0.0 |       0 |      26 |   0.0 |  1399
           D:6 |       0 |     513 |   0.0 |       0 |      25 |   0.0 |   824
           D:7 |       0 |     906 |   0.0 |       0 |      17 |   0.0 |   911
           D:8 |       0 |    3805 |   0.0 |       0 |      25 |   0.0 |   836
           D:9 |       0 |    1746 |   0.0 |       0 |      34 |   0.0 |   865
          D:10 |       0 |    3052 |   0.0 |       0 |      12 |   0.0 |   612
          D:11 |       0 |   15039 |   0.0 |       0 |      72 |   0.0 |  1487
          D:12 |       0 |    7591 |   0.0 |       0 |      42 |   0.0 |   969
          D:13 |       0 |   12283 |   0.0 |       0 |      44 |   0.0 |  1179
          D:14 |       0 |   10542 |   0.0 |       0 |      30 |   0.0 |  1001
          D:15 |       0 |   17519 |   0.0 |       0 |      40 |   0.0 |   961
        Lair:1 |       0 |    3564 |   0.0 |       0 |      18 |   0.0 |   805
        Lair:2 |       0 |    7713 |   0.0 |       0 |      25 |   0.0 |  2485
        Lair:3 |       0 |    7391 |   0.0 |       0 |      51 |   0.0 |  1337
        Lair:4 |       0 |    4961 |   0.0 |       0 |      16 |   0.0 |   781
        Lair:5 |       0 |    4842 |   0.0 |       0 |      19 |   0.0 |   988
        Lair:6 |       0 |   17666 |   0.0 |       0 |      50 |   0.0 |  2251
       Swamp:1 |       0 |   17844 |   0.0 |       0 |      29 |   0.0 |  1040
       Swamp:2 |       0 |   19055 |   0.0 |       0 |      47 |   0.0 |  1911
         Orc:1 |       0 |    2069 |   0.0 |       0 |      29 |   0.0 |   361
         Orc:2 |       0 |   17073 |   0.0 |       0 |     139 |   0.0 |  2149
         Elf:1 |       0 |   10341 |   0.0 |       0 |      17 |   0.0 |   329
         Sewer |       0 |     302 |   0.0 |       0 |      17 |   0.0 |   348
               +---------+---------+-------+---------+---------+-------+---------

Vault maps used:
D:1:      evilmike_arrival_hilbert_curve, st_stairs_1
D:2:      kennysheep_slug_shrine, uniq_natasha
D:3:      serial_co_window_serial, co_window_paths_b, co_window_paths_a,
          co_window_corner_a, co_window_paths_a, co_window_corner_a,
          co_window_cross_2, co_window_broadway_b, co_window_cross_3,
          glass_columns_b, glass_columns_b, glass_columns_a, glass_columns_b,
          minmay_misc_feat_columns, uniq_sigmund, uniq_ijyb
D:4:      first_ration
D:5:      gammafunk_temple_overflow_pools, grunt_qazlal_sundering, uniq_edmund
D:6:      nicolae_overflow_crystal_walls, minmay_temple_entry_enclosed_plants,
          serial_shops, shop, portal_sewer_entry_a, trog_wizard
D:7:      nicolae_overflow_quartered_altars
D:8:      david_lair_generic, serial_shops, nicolae_shop_statue_plus,
          uniq_psyche, uniq_maurice
D:9:      erik_orc_3, grunt_ogre_cave, hangedman_abyss_or_decor_stabs
D:11:     kennysheep_six_static_rooms, uniq_erica, uniq_josephine
D:12:     kennysheep_generic_room_7
D:13:     david_vaults_4, roderic_batcave, kennysheep_decorative_pillar
D:14:     minmay_misc_feat_roman
D:15:     hangedman_depths_entry_try_elsewhere_first, minmay_tree_intersection,
          basic_altar, minmay_misc_feat_nine_boxes
Lair:2:   swamp_mist_pool
Lair:3:   minmay_snake_entry_six_corridors, grunt_forest_large_clearings,
          uniq_fannar
Lair:5:   lab_entry_generic, roderic_carrion_pond
Lair:6:   grunt_lair_end_beastmaster, minmay_slime_entry_eyes,
          grunt_megastairs_4, infiniplex_staircase_pool
Swamp:1:  evilmike_swamp_ruin_house_3, swamp_pool4, nicolae_swamp_baby_hydras,
          uniq_donald, uniq_kirke
Swamp:2:  nicolae_swamp_stair_fork, swamp_pool4, uniq_nikola
Orc:2:    pubby_orc_utopia
Elf:1:    minmay_elf_arrival_summoners, serial_shops, freezing_bzr, shop, shop,
          shop_fountains, nicolae_trove_entry_columns, minivault_28, spider_trap
Sewer:    sewer_co_15_rooms

Table legend:
 A = Turns spent in this place as a percentage of turns spent in the entire game.
 B = Non-inter-level travel turns spent in this place as a percentage of non-inter-level travel turns spent in the entire game.
 C = Inter-level travel turns spent in this place as a percentage of turns spent in this place.
 D = Turns resting spent in this place as a percentage of non-inter-level travel turns spent in this place.
 E = Turns spent auto-exploring this place as a percentage of non-inter-level travel turns spent in this place.
 F = Non-inter-level travel turns spent in this place divided by the number of levels of this place that you've seen.
                   A       B       C       D       E      F
               +-------+-------+-------+-------+-------+----------------------
         Total | 100.0 | 100.0 |   5.3 |  25.9 |  52.3 | 1076.6
       Dungeon |  51.8 |  51.5 |   5.9 |  19.7 |  58.6 | 998.1
          Lair |  28.2 |  28.1 |   5.5 |  31.0 |  49.9 | 1362.2
         Swamp |   9.6 |  10.0 |   1.5 |  44.4 |  36.1 | 1453.0
  Orcish Mines |   8.2 |   8.1 |   6.7 |  25.8 |  45.7 | 1170.5
   Elven Halls |   1.1 |   1.1 |   0.3 |  43.3 |  11.3 | 328.0
         Sewer |   1.1 |   1.2 |   0.0 |   0.0 |  54.9 | 348.0
               +-------+-------+-------+-------+-------+----------------------

Table legend:
 A = Kills in this place as a percentage of kills in entire the game.
 B = Kills by you in this place as a percentage of kills by you in the entire game.
 C = Kills by friends in this place as a percentage of kills by friends in the entire game.
 D = Other kills in this place as a percentage of other kills in the entire game.
 E = Experience gained in this place as a percentage of experience gained in the entire game.
 F = Experience gained in this place divided by the number of levels of this place that you have seen.
                   A       B       C       D       E      F
               +-------+-------+-------+-------+-------+----------------------
         Total | 100.0 | 100.0 | 100.0 | 100.0 | 100.0 | 6942.6
       Dungeon |  50.0 |  50.1 |  50.0 |  44.4 |  39.8 | 4975.3
          Lair |  19.6 |  19.7 |   0.0 |  11.1 |  24.6 | 7689.5
         Swamp |   8.3 |   8.3 |   0.0 |  11.1 |  19.7 | 18449.5
  Orcish Mines |  18.4 |  18.5 |   0.0 |  11.1 |  10.2 | 9571.0
   Elven Halls |   1.9 |   1.6 |  50.0 |  22.2 |   5.5 | 10341.0
         Sewer |   1.9 |   1.9 |   0.0 |   0.0 |   0.2 | 302.0
               +-------+-------+-------+-------+-------+----------------------
